Rampage vs Heat
Created - February 12, 2023 at 23:44
Goals
|
| Rampage |
0 |
3 |
1 |
0 |
4 |
| Heat |
1 |
0 |
3 |
1 |
5 |
|
Shots
|
| Rampage |
11 |
11 |
15 |
0 |
37 |
| Heat |
6 |
3 |
12 |
1 |
22 |
|
1st period
1. Heat , Matthew Nieto 26 (Evgeny Svechnikov 24, Trevor Carrick 5) at 6:15
Penalties :
Trevor Carrick (Sto) for Slashing (Minor) at 6:57, John Gilmour (Sto) for Interference (Minor) at 10:46
2nd period
2. Rampage , Ryan Lomberg 17 (Joachim Blichfeld 14, T.J. Tynan 15) at 5:24
3. Rampage , Pierre Engvall 11 (Anthony Richard 18, Travis Sanheim 39) at 6:09
4. Rampage , Dominik Simon 20 (Rourke Chartier 30, Jordan Kyrou 22) at 9:00
Penalties :
Chris Brown (Sto) for Hooking (Minor) at 3:04
3rd period
5. Heat , Philip Varone 6 (Eric Karlsson 5) at 8:45 (PP)
6. Heat , Matthew Nieto 27 (Chris Brown 8) at 9:57 (PP)
7. Heat , Peter Cehlarik 10 (Nico Sturm 6, Philip Varone 4) at 17:00
8. Rampage , Jordan Kyrou 20 (Rourke Chartier 31, Dominik Simon 30) at 19:07 (PP)
Penalties :
Matthew Nieto (Sto) for Holding (Minor) at 0:47, Rourke Chartier (San) for Holding (Minor) at 7:43, Travis Sanheim (San) for Holding (Minor) at 9:53, Philip Varone (Sto) for Tripping (Minor) at 10:29, Nico Sturm (Sto) for Hooking (Minor) at 18:21
Overtime #1
9. Heat , Erik Brannstrom 6 (Chris Brown 9, Michael Hutchinson) at 3:56
Penalties :
No Penalty
Goalie Stats
Jake Oettinger (San), 17 saves from 22 shots - (0.773), OTL, 17-9-2, 63:34 minutes
Michael Hutchinson (Sto), 33 saves from 37 shots - (0.892), W, 20-13-2, 63:56 minutes
Players Stats for Rampage
Player Name G A P +/- PIM S H SB GA TA FO MP PP MP PK MP
------------------------------------------------------------------------------------
Anthony Richard 0 1 1 0 0 0 0 0 0 0 4/5 12:55 0:05 0:00
Collin Miller 0 0 0 -1 0 3 2 0 0 0 0/0 13:22 0:00 0:38
Connor Murphy 0 0 0 -1 0 0 0 0 0 1 0/0 14:51 0:00 0:00
Dominik Simon 1 1 2 -1 0 1 1 0 0 1 2/3 22:30 5:22 0:00
Dylan Sikura 0 0 0 1 0 3 2 0 0 0 0/0 10:45 0:00 0:00
Emil Bemstrom 0 0 0 0 0 1 2 1 0 0 0/0 9:31 0:05 0:00
Ethan Bear 0 0 0 1 0 5 2 2 1 3 0/0 26:25 6:36 0:28
Jean-Sebastien Dea 0 0 0 0 0 2 2 0 0 0 2/4 9:32 0:00 0:00
Joachim Blichfeld 0 1 1 0 0 2 1 0 1 0 0/1 17:52 5:14 0:00
Jordan Kyrou 1 1 2 0 0 6 0 0 1 0 1/3 21:10 5:22 0:00
Pierre Engvall 1 0 1 1 0 1 0 0 0 0 0/0 15:07 0:05 1:06
Pierre-Luc Dubois 0 0 0 0 0 0 0 0 0 0 0/0 8:21 0:00 0:00
Rourke Chartier 0 2 2 0 2 3 2 0 2 0 12/27 21:10 5:22 0:00
Ryan Lomberg 1 0 1 0 0 4 0 0 0 0 0/1 18:08 5:14 0:00
T.J. Tynan 0 1 1 0 0 2 1 0 0 0 9/15 20:50 5:14 1:06
Travis Sanheim 0 1 1 0 2 1 2 1 0 0 0/0 27:08 6:36 0:00
Vladislav Gavrikov 0 0 0 0 0 2 3 2 0 0 0/0 22:54 4:05 0:38
Wiley Sherman 0 0 0 1 0 1 2 2 1 0 0/0 22:05 4:05 0:28
Players Stats for Heat
Player Name G A P +/- PIM S H SB GA TA FO MP PP MP PK MP
------------------------------------------------------------------------------------
Barclay Goodrow 0 0 0 -3 0 1 1 0 1 0 1/1 17:43 0:17 3:22
Brandon Hickey 0 0 0 0 0 0 0 1 0 0 0/0 18:44 0:00 4:26
Chris Brown 0 2 2 0 2 1 1 0 0 0 12/30 19:57 0:49 1:47
Dominik Masin 0 0 0 0 0 0 1 2 0 1 0/0 17:45 0:00 6:30
Eric Karlsson 0 1 1 0 0 0 3 0 0 0 1/1 14:26 0:17 2:31
Erik Brannstrom 1 0 1 -2 0 2 0 0 0 2 0/0 19:17 0:28 0:52
Evgeny Svechnikov 0 1 1 2 0 1 0 0 1 0 0/1 16:52 0:49 0:00
Frank Corrado 0 0 0 2 0 0 4 0 0 0 0/0 22:53 0:38 0:52
John Gilmour 0 0 0 0 2 0 3 0 0 1 0/0 11:28 0:00 0:00
Mathieu Brodeur 0 0 0 -2 0 3 4 0 1 0 0/0 23:40 0:28 3:19
Matthew Nieto 2 0 2 1 2 5 4 0 1 1 1/2 19:14 0:49 0:10
Nico Sturm 0 1 1 0 2 0 2 0 0 0 2/3 12:46 0:00 2:22
Peter Cehlarik 1 0 1 1 0 2 0 0 0 0 0/0 13:05 0:00 5:38
Philip Varone 1 1 2 -1 2 3 1 0 0 0 11/15 18:24 0:17 4:37
Ryan Donato 0 0 0 -2 0 1 1 0 0 0 0/0 13:30 0:00 0:55
Ryan Spooner 0 0 0 0 0 1 2 0 0 0 1/6 12:14 0:00 0:00
Tage Thompson 0 0 0 1 0 0 1 0 0 0 0/0 7:27 0:00 0:00
Trevor Carrick 0 1 1 2 2 2 0 1 1 1 0/0 25:32 0:38 5:23
3 Stars
1 - Matthew Nieto (Sto)
2 - Jordan Kyrou (San)
3 - Peter Cehlarik (Sto)
Power Play
Rampage - 1 on 6 Attempt(s) - 16.67%
Heat - 2 on 2 Attempt(s) - 100.00%
Penalty Kill
Rampage - 0 on 2 Attempt(s) - 0.00%
- Score 0 goal in Penalty Kill
Heat - 5 on 6 Attempt(s) - 83.33%
- Score 0 goal in Penalty Kill
Team Stat
Rampage - Hits : 22 - Faceoff Wins : 30 - Blocked Shots : 8 - Penalty Minutes : 4
Heat - Hits : 28 - Faceoff Wins : 29 - Blocked Shots : 4 - Penalty Minutes : 12
Official
Referees : Dan Kelly and Brad Meier
Linesman : Brandon Gawryletz and Shandor Alphonso
Game Notes
No Game Note
Finance
Level 1 -- Attendance: 1711 (85.55%) -- Ticket Income $59,885
Level 2 -- Attendance: 865 (86.50%) -- Ticket Income $12,975
Total Attendance: 2576 (85.87%)
Total Ticket Income: $72,860
Other Income: $3,643
Total Income: $76,503
Rampage
5 vs 5 Forward
Center Left Wing Right Wing Time % Phy DF OF
1 Rourke Chartier Dominik Simon Jordan Kyrou 40 1 2 2
2 T.J. Tynan Ryan Lomberg Joachim Blichfeld 30 1 2 2
3 Anthony Richard Pierre Engvall Dylan Sikura 20 1 2 2
4 Jean-Sebastien Dea Pierre-Luc Dubois Emil Bemstrom 10 1 2 2
5 vs 5 Defense
Defense Defense Time % Phy DF OF
1 Travis Sanheim Ethan Bear 40 1 2 2
2 Vladislav Gavrikov Wiley Sherman 30 1 2 2
3 Connor Murphy Collin Miller 20 1 2 2
4 Vladislav Gavrikov Ethan Bear 10 1 2 2
PowerPlay Forward
Center Left Wing Right Wing Time % Phy DF OF
1 Rourke Chartier Dominik Simon Jordan Kyrou 60 1 2 2
2 T.J. Tynan Ryan Lomberg Joachim Blichfeld 40 1 2 2
PowerPlay Defense
Defense Defense Time % Phy DF OF
1 Travis Sanheim Ethan Bear 60 1 2 2
2 Wiley Sherman Vladislav Gavrikov 40 1 2 2
Penalty Kill 4 Players Forward
Center Wing Time % Phy DF OF
1 T.J. Tynan Pierre Engvall 60 1 2 2
2 Anthony Richard Dylan Sikura 40 1 2 2
Penalty Kill 4 Players Defense
Defense Defense Time % Phy DF OF
1 Collin Miller Vladislav Gavrikov 60 1 2 2
2 Wiley Sherman Ethan Bear 40 1 2 2
Penalty Kill - 3 Players Forward
Forward Time % Phy DF OF
1 Anthony Richard 60 1 2 2
2 T.J. Tynan 40 1 2 2
Penalty Kill - 3 Players Defense
Defense Defense Time % Phy DF OF
1 Connor Murphy Collin Miller 60 1 2 2
2 Vladislav Gavrikov Ethan Bear 40 1 2 2
4 vs 4 Forward
Center Wing Time % Phy DF OF
1 T.J. Tynan Pierre Engvall 60 1 2 2
2 Jean-Sebastien Dea Ryan Lomberg 40 1 2 2
4 vs 4 Defense
Defense Defense Time % Phy DF OF
1 Wiley Sherman Connor Murphy 60 1 2 2
2 Vladislav Gavrikov Travis Sanheim 40 1 2 2
Last Minutes Offensive
Center Left Wing Right Wing Defense Defense
Rourke Chartier Dominik Simon Jordan Kyrou Travis Sanheim Ethan Bear
Last Minutes Defensive
Center Left Wing Right Wing Defense Defense
T.J. Tynan Pierre Engvall Dylan Sikura Connor Murphy Vladislav Gavrikov
Goaltenders
Starting : Jake Oettinger
Backup : Magnus Hellberg
Extra Forwards
Normal : Pierre Engvall, T.J. Tynan, Jean-Sebastien Dea - PP : T.J. Tynan, Rourke Chartier - PK : Joachim Blichfeld
Extra Defensemen
Normal : Ethan Bear, Vladislav Gavrikov, Travis Sanheim - PP : Connor Murphy - PK : Collin Miller, Wiley Sherman
Penalty Shots
Jordan Kyrou, Rourke Chartier, Anthony Richard, Joachim Blichfeld, Dylan Sikura
Scratches
Adam Clendening (Healthy), Artturi Lehkonen (Healthy), Matt Roy (Healthy), Trent Frederic (Healthy), Emil Larmi (Healthy)
Heat
5 vs 5 Forward
Center Left Wing Right Wing Time % Phy DF OF
1 Chris Brown Matthew Nieto Evgeny Svechnikov 40 1 2 2
2 Philip Varone Ryan Donato Barclay Goodrow 30 1 2 2
3 Ryan Spooner Eric Karlsson John Gilmour 20 1 2 2
4 Nico Sturm Peter Cehlarik Tage Thompson 10 1 2 2
5 vs 5 Defense
Defense Defense Time % Phy DF OF
1 Trevor Carrick Frank Corrado 40 1 2 2
2 Erik Brannstrom Mathieu Brodeur 30 1 2 2
3 Brandon Hickey Dominik Masin 20 1 2 2
4 Brandon Hickey Mathieu Brodeur 10 1 2 2
PowerPlay Forward
Center Left Wing Right Wing Time % Phy DF OF
1 Chris Brown Matthew Nieto Evgeny Svechnikov 60 1 2 2
2 Philip Varone Eric Karlsson Barclay Goodrow 40 1 2 2
PowerPlay Defense
Defense Defense Time % Phy DF OF
1 Trevor Carrick Frank Corrado 60 1 2 2
2 Erik Brannstrom Mathieu Brodeur 40 1 2 2
Penalty Kill 4 Players Forward
Center Wing Time % Phy DF OF
1 Philip Varone Peter Cehlarik 60 1 2 2
2 Nico Sturm Barclay Goodrow 40 1 2 2
Penalty Kill 4 Players Defense
Defense Defense Time % Phy DF OF
1 Trevor Carrick Dominik Masin 60 1 2 2
2 Brandon Hickey Mathieu Brodeur 40 1 2 2
Penalty Kill - 3 Players Forward
Forward Time % Phy DF OF
1 Matthew Nieto 60 1 2 2
2 Philip Varone 40 1 2 2
Penalty Kill - 3 Players Defense
Defense Defense Time % Phy DF OF
1 Trevor Carrick Frank Corrado 60 1 2 2
2 Brandon Hickey Mathieu Brodeur 40 1 2 2
4 vs 4 Forward
Center Wing Time % Phy DF OF
1 Chris Brown Matthew Nieto 60 1 2 2
2 Philip Varone Evgeny Svechnikov 40 1 2 2
4 vs 4 Defense
Defense Defense Time % Phy DF OF
1 Trevor Carrick Frank Corrado 60 1 2 2
2 Erik Brannstrom Mathieu Brodeur 40 1 2 2
Last Minutes Offensive
Center Left Wing Right Wing Defense Defense
Philip Varone Matthew Nieto Evgeny Svechnikov Brandon Hickey Frank Corrado
Last Minutes Defensive
Center Left Wing Right Wing Defense Defense
Philip Varone Matthew Nieto Evgeny Svechnikov Brandon Hickey Frank Corrado
Goaltenders
Starting : Michael Hutchinson
Backup : Vitek Vanecek
Extra Forwards
Normal : Nico Sturm, Ryan Spooner, Evgeny Svechnikov - PP : Philip Varone, Peter Cehlarik - PK : Barclay Goodrow
Extra Defensemen
Normal : Mathieu Brodeur, Erik Brannstrom, Brandon Hickey - PP : Erik Brannstrom - PK : Dominik Masin, Brandon Hickey
Penalty Shots
Evgeny Svechnikov, Matthew Nieto, Chris Brown, Ryan Spooner, Peter Cehlarik
Scratches
Christian Jaros (Healthy), Skyler Brind'Amour (Healthy), Darren Raddysh (Healthy), Petteri Lindbohm (Healthy), Rasmus Andersson (Separated Left Shoulder Injury)
Ivan Chekhovich (Healthy), Victor Rask (Separated Left Shoulder Injury), Vladislav Kamenev (Healthy), Taylor Raddysh (Healthy), Jesper Bratt (Healthy)
Radim Zohorna (Healthy), Collin Delia (Healthy)
% Time on Ice - Rampage
Lines # - Real PCT - Wanted PCT - Time Play
Normal Forward
1 - 35% - 40% - 17:02
2 - 26% - 30% - 12:32
3 - 22% - 20% - 10:46
4 - 16% - 10% - 7:53
Normal Defense
1 - 39% - 40% - 18:43
2 - 32% - 30% - 15:20
3 - 27% - 20% - 12:58
4 - 2% - 10% - 1:12
PP Forward
1 - 51% - 60% - 5:27
2 - 49% - 40% - 5:14
PP Defense
1 - 62% - 60% - 6:36
2 - 38% - 40% - 4:05
PK Forward
1 - 100% - 60% - 1:06
2 - 0% - 40% - 0:00
PK Defense
1 - 58% - 60% - 0:38
2 - 42% - 40% - 0:28
PK3 Forward
1 - 0% - 60%
2 - 0% - 40%
PK3 Defense
1 - 0% - 60%
2 - 0% - 40%
44 Forward
1 - 92% - 60% - 3:36
2 - 8% - 40% - 0:20
44 Defense
1 - 51% - 60% - 2:01
2 - 49% - 40% - 1:55
Last Minute Offensive - 0:00
Last Minute Defensive - 0:00
Total
Forward - 63:56
Defense - 63:56
|
% Time on Ice - Heat
Lines # - Real PCT - Wanted PCT - Time Play
Normal Forward
1 - 32% - 40% - 15:30
2 - 29% - 30% - 14:04
3 - 23% - 20% - 11:12
4 - 15% - 10% - 7:27
Normal Defense
1 - 41% - 40% - 19:45
2 - 32% - 30% - 15:23
3 - 20% - 20% - 9:48
4 - 7% - 10% - 3:17
PP Forward
1 - 74% - 60% - 0:49
2 - 26% - 40% - 0:17
PP Defense
1 - 58% - 60% - 0:38
2 - 42% - 40% - 0:28
PK Forward
1 - 78% - 60% - 8:19
2 - 22% - 40% - 2:22
PK Defense
1 - 69% - 60% - 7:22
2 - 31% - 40% - 3:19
PK3 Forward
1 - 0% - 60%
2 - 0% - 40%
PK3 Defense
1 - 0% - 60%
2 - 0% - 40%
44 Forward
1 - 81% - 60% - 3:12
2 - 19% - 40% - 0:44
44 Defense
1 - 54% - 60% - 2:07
2 - 46% - 40% - 1:49
Last Minute Offensive - 0:00
Last Minute Defensive - 0:00
Total
Forward - 63:56
Defense - 63:56
|
Play-by-Play
1st period
0:01 of 1st period - Chris Brown wins face-off versus Rourke Chartier in neutral zone.
0:26 of 1st period - Ethan Bear is hit by Frank Corrado and loses puck.
0:53 of 1st period - Snap shot by Ryan Spooner.
0:53 of 1st period - Deflect By John Gilmour.
0:53 of 1st period - Shot Misses the Net.
0:53 of 1st period - Puck is out of play.
0:54 of 1st period - Nico Sturm wins face-off versus Jean-Sebastien Dea in Rampage zone.
1:44 of 1st period - Snap shot by Dominik Simon.
1:44 of 1st period - Shot Misses the Net.
1:46 of 1st period - Slapshot by Collin Miller.
1:46 of 1st period - Shot Misses the Net.
1:48 of 1st period - Slapshot by T.J. Tynan.
1:48 of 1st period - Stopped by Michael Hutchinson without a rebound.
1:49 of 1st period - Philip Varone wins face-off versus T.J. Tynan in Heat zone.
1:56 of 1st period - Brandon Hickey is hit by T.J. Tynan and loses puck.
2:44 of 1st period - Slapshot by Ryan Lomberg.
2:44 of 1st period - Stopped by Michael Hutchinson with a rebound.
3:00 of 1st period - Snap shot by T.J. Tynan.
3:00 of 1st period - Shot Misses the Net.
3:02 of 1st period - Slapshot by Vladislav Gavrikov.
3:02 of 1st period - Shot Misses the Net.
3:22 of 1st period - Wrist shot by T.J. Tynan.
3:22 of 1st period - Shot Blocked by Brandon Hickey.
3:24 of 1st period - Slapshot by Ethan Bear.
3:24 of 1st period - Stopped by Michael Hutchinson with a rebound.
3:26 of 1st period - Slapshot by Vladislav Gavrikov.
3:26 of 1st period - Deflect By Ryan Lomberg.
3:26 of 1st period - Stopped by Michael Hutchinson with a rebound.
3:36 of 1st period - Wrist shot by Joachim Blichfeld.
3:36 of 1st period - Deflect By Ryan Lomberg.
3:36 of 1st period - Shot Misses the Net.
3:36 of 1st period - Puck is out of play.
3:37 of 1st period - Chris Brown wins face-off versus Rourke Chartier in Heat zone.
3:37 of 1st period - Chris Brown is hit by Dominik Simon.
3:48 of 1st period - Icing by Collin Miller.
3:49 of 1st period - Dominik Simon wins face-off versus Chris Brown in Rampage zone.
4:04 of 1st period - Collin Miller is hit by Chris Brown and loses puck.
4:15 of 1st period - Connor Murphy is hit by Frank Corrado and loses puck.
4:36 of 1st period - Slapshot by Collin Miller.
4:36 of 1st period - Stopped by Michael Hutchinson with a rebound.
4:38 of 1st period - Wrist shot by Jean-Sebastien Dea.
4:38 of 1st period - Stopped by Michael Hutchinson with a rebound.
4:46 of 1st period - Snap shot by Emil Bemstrom.
4:46 of 1st period - Deflect By Jean-Sebastien Dea.
4:46 of 1st period - Shot Misses the Net.
4:46 of 1st period - Puck is out of play.
4:47 of 1st period - Chris Brown wins face-off versus Jordan Kyrou in Heat zone.
5:14 of 1st period - Frank Corrado is hit by Travis Sanheim and loses puck.
5:22 of 1st period - Slapshot by Pierre Engvall.
5:22 of 1st period - Deflect By Dylan Sikura.
5:22 of 1st period - Stopped by Michael Hutchinson without a rebound.
5:23 of 1st period - Anthony Richard wins face-off versus Chris Brown in Heat zone.
5:48 of 1st period - Wiley Sherman is hit by Mathieu Brodeur and loses puck.
5:53 of 1st period - Wrist shot by Peter Cehlarik.
5:53 of 1st period - Shot Blocked by Wiley Sherman.
5:59 of 1st period - Snap shot by Nico Sturm.
5:59 of 1st period - Deflect By Peter Cehlarik.
5:59 of 1st period - Shot Misses the Net.
5:59 of 1st period - Puck is out of play.
6:00 of 1st period - Chris Brown wins face-off versus Rourke Chartier in Rampage zone.
6:01 of 1st period - Wrist shot by Matthew Nieto.
6:01 of 1st period - Stopped by Jake Oettinger with a rebound.
6:09 of 1st period - Snap shot by Evgeny Svechnikov.
6:09 of 1st period - Stopped by Jake Oettinger with a rebound.
6:11 of 1st period - Wrist shot by Matthew Nieto.
6:11 of 1st period - Shot Blocked by Ethan Bear.
6:13 of 1st period - Snap shot by Evgeny Svechnikov.
6:13 of 1st period - Shot Misses the Net.
6:15 of 1st period - Wrist shot by Matthew Nieto.
6:15 of 1st period - Goal by Matthew Nieto - Rampage : 0 - Heat : 1.
6:16 of 1st period - Chris Brown wins face-off versus Rourke Chartier in neutral zone.
6:54 of 1st period - Icing by Ethan Bear.
6:55 of 1st period - Chris Brown wins face-off versus Jean-Sebastien Dea in Rampage zone.
6:57 of 1st period - Minor Penalty to Trevor Carrick for Slashing.
6:58 of 1st period - Philip Varone wins face-off versus Rourke Chartier in Heat zone.
7:02 of 1st period - Snap shot by Dominik Simon.
7:02 of 1st period - Deflect By Rourke Chartier.
7:02 of 1st period - Shot Misses the Net.
7:02 of 1st period - Puck is out of play.
7:03 of 1st period - Philip Varone wins face-off versus Rourke Chartier in Heat zone.
7:16 of 1st period - Slapshot by Jordan Kyrou.
7:16 of 1st period - Shot Misses the Net.
7:18 of 1st period - Slapshot by Ethan Bear.
7:18 of 1st period - Stopped by Michael Hutchinson with a rebound.
8:14 of 1st period - Wiley Sherman is hit by Eric Karlsson and loses puck.
8:45 of 1st period - Eric Karlsson is hit by Ethan Bear and loses puck.
8:57 of 1st period - Penalty to Trevor Carrick is over, Trevor Carrick is back on ice.
10:46 of 1st period - Minor Penalty to John Gilmour for Interference.
10:47 of 1st period - Philip Varone wins face-off versus Rourke Chartier in Heat zone.
12:46 of 1st period - Penalty to John Gilmour is over, John Gilmour is back on ice.
13:15 of 1st period - Connor Murphy is hit by Eric Karlsson and loses puck.
13:43 of 1st period - Mathieu Brodeur is hit by Emil Bemstrom and loses puck.
13:56 of 1st period - Ethan Bear is hit by Tage Thompson and loses puck.
14:20 of 1st period - Wrist shot by Ryan Spooner.
14:20 of 1st period - Stopped by Jake Oettinger with a rebound.
14:31 of 1st period - Icing by John Gilmour.
14:32 of 1st period - Jean-Sebastien Dea wins face-off versus Ryan Spooner in Heat zone.
15:19 of 1st period - Off-side.
15:20 of 1st period - T.J. Tynan wins face-off versus Philip Varone in neutral zone.
15:35 of 1st period - Wrist shot by Joachim Blichfeld.
15:35 of 1st period - Stopped by Michael Hutchinson with a rebound.
15:43 of 1st period - Wrist shot by Barclay Goodrow.
15:43 of 1st period - Stopped by Jake Oettinger with a rebound.
15:45 of 1st period - Snap shot by Barclay Goodrow.
15:45 of 1st period - Shot Misses the Net.
15:47 of 1st period - Wrist shot by Barclay Goodrow.
15:47 of 1st period - Shot Misses the Net.
16:33 of 1st period - Nico Sturm is hit by Emil Bemstrom and loses puck.
16:58 of 1st period - Wrist shot by Joachim Blichfeld.
16:58 of 1st period - Shot Misses the Net.
17:55 of 1st period - Wrist shot by Anthony Richard.
17:55 of 1st period - Shot Misses the Net.
18:11 of 1st period - Backhand shot by Emil Bemstrom.
18:11 of 1st period - Deflect By Ryan Spooner.
18:11 of 1st period - Shot Blocked by Trevor Carrick.
18:11 of 1st period - Puck is out of play.
18:12 of 1st period - Jean-Sebastien Dea wins face-off versus Chris Brown in Heat zone.
18:15 of 1st period - Slapshot by Jean-Sebastien Dea.
18:15 of 1st period - Stopped by Michael Hutchinson without a rebound.
18:16 of 1st period - Rourke Chartier wins face-off versus Chris Brown in Heat zone.
19:03 of 1st period - Slapshot by Connor Murphy.
19:03 of 1st period - Deflect By Dylan Sikura.
19:03 of 1st period - Stopped by Michael Hutchinson without a rebound.
19:04 of 1st period - Anthony Richard wins face-off versus Ryan Spooner in Heat zone.
19:40 of 1st period - Slapshot by Matthew Nieto.
19:40 of 1st period - Shot Misses the Net.
19:42 of 1st period - Wrist shot by Evgeny Svechnikov.
19:42 of 1st period - Deflect By Chris Brown.
19:42 of 1st period - Stopped by Jake Oettinger without a rebound.
19:43 of 1st period - Philip Varone wins face-off versus T.J. Tynan in Rampage zone.
Goals for this period are 0 for Rampage vs 1 for Heat.
Shots for this period are 11 for Rampage vs 6 for Heat.
2nd period
0:01 of 2nd period - Chris Brown wins face-off versus Dominik Simon in neutral zone.
0:04 of 2nd period - Wrist shot by Dominik Simon.
0:04 of 2nd period - Shot Misses the Net.
0:06 of 2nd period - Wrist shot by Dominik Simon.
0:06 of 2nd period - Shot Misses the Net.
0:08 of 2nd period - Slapshot by Ethan Bear.
0:08 of 2nd period - Stopped by Michael Hutchinson with a rebound.
0:49 of 2nd period - Wrist shot by Peter Cehlarik.
0:49 of 2nd period - Stopped by Jake Oettinger without a rebound.
0:50 of 2nd period - Rourke Chartier wins face-off versus Nico Sturm in Rampage zone.
1:32 of 2nd period - Vladislav Gavrikov is hit by Matthew Nieto and loses puck.
1:49 of 2nd period - Philip Varone is hit by Jean-Sebastien Dea and loses puck.
2:10 of 2nd period - Snap shot by Jordan Kyrou.
2:10 of 2nd period - Deflect By Rourke Chartier.
2:10 of 2nd period - Stopped by Michael Hutchinson without a rebound.
2:11 of 2nd period - Rourke Chartier wins face-off versus Chris Brown in Heat zone.
2:18 of 2nd period - Snap shot by Rourke Chartier.
2:18 of 2nd period - Stopped by Michael Hutchinson without a rebound.
2:19 of 2nd period - Chris Brown wins face-off versus Rourke Chartier in Heat zone.
2:35 of 2nd period - Icing by Travis Sanheim.
2:36 of 2nd period - Philip Varone wins face-off versus Rourke Chartier in Rampage zone.
2:37 of 2nd period - Slapshot by Trevor Carrick.
2:37 of 2nd period - Stopped by Jake Oettinger without a rebound.
2:38 of 2nd period - Philip Varone wins face-off versus Rourke Chartier in Rampage zone.
3:04 of 2nd period - Minor Penalty to Chris Brown for Hooking.
3:05 of 2nd period - Philip Varone wins face-off versus Rourke Chartier in Heat zone.
3:26 of 2nd period - Peter Cehlarik is hit by Rourke Chartier and loses puck.
3:37 of 2nd period - Snap shot by Ryan Lomberg.
3:37 of 2nd period - Shot Misses the Net.
3:39 of 2nd period - Slapshot by Travis Sanheim.
3:39 of 2nd period - Stopped by Michael Hutchinson with a rebound.
4:07 of 2nd period - Snap shot by Ethan Bear.
4:07 of 2nd period - Shot Misses the Net.
4:17 of 2nd period - Peter Cehlarik is hit by Ethan Bear and loses puck.
5:04 of 2nd period - Penalty to Chris Brown is over, Chris Brown is back on ice.
5:24 of 2nd period - Wrist shot by Ryan Lomberg.
5:24 of 2nd period - Goal by Ryan Lomberg - Rampage : 1 - Heat : 1.
5:25 of 2nd period - Rourke Chartier wins face-off versus Chris Brown in neutral zone.
5:28 of 2nd period - Backhand shot by Jordan Kyrou.
5:28 of 2nd period - Stopped by Michael Hutchinson with a rebound.
5:30 of 2nd period - Slapshot by Collin Miller.
5:30 of 2nd period - Stopped by Michael Hutchinson without a rebound.
5:31 of 2nd period - Jordan Kyrou wins face-off versus Chris Brown in Heat zone.
5:38 of 2nd period - Snap shot by Rourke Chartier.
5:38 of 2nd period - Deflect By Dominik Simon.
5:38 of 2nd period - Shot Misses the Net.
5:38 of 2nd period - Puck is out of play.
5:39 of 2nd period - Matthew Nieto wins face-off versus Rourke Chartier in Heat zone.
6:09 of 2nd period - Snap shot by Anthony Richard.
6:09 of 2nd period - Deflect By Pierre Engvall.
6:09 of 2nd period - Goal by Pierre Engvall - Rampage : 2 - Heat : 1.
6:10 of 2nd period - Rourke Chartier wins face-off versus Chris Brown in neutral zone.
6:41 of 2nd period - Rourke Chartier is hit by Ryan Spooner and loses puck.
7:06 of 2nd period - Slapshot by Mathieu Brodeur.
7:06 of 2nd period - Shot Misses the Net.
7:13 of 2nd period - Travis Sanheim is hit by Mathieu Brodeur and loses puck.
7:26 of 2nd period - Snap shot by Jordan Kyrou.
7:26 of 2nd period - Stopped by Michael Hutchinson with a rebound.
8:10 of 2nd period - Wrist shot by Dominik Simon.
8:10 of 2nd period - Shot Misses the Net.
8:12 of 2nd period - Snap shot by Jordan Kyrou.
8:12 of 2nd period - Shot Misses the Net.
8:14 of 2nd period - Slapshot by Dominik Simon.
8:14 of 2nd period - Shot Misses the Net.
8:26 of 2nd period - Snap shot by Jordan Kyrou.
8:26 of 2nd period - Shot Misses the Net.
8:28 of 2nd period - Wrist shot by Rourke Chartier.
8:28 of 2nd period - Shot Misses the Net.
8:30 of 2nd period - Wrist shot by Jordan Kyrou.
8:30 of 2nd period - Shot Misses the Net.
8:56 of 2nd period - Snap shot by Jordan Kyrou.
8:56 of 2nd period - Stopped by Michael Hutchinson with a rebound.
8:58 of 2nd period - Backhand shot by Rourke Chartier.
8:58 of 2nd period - Shot Misses the Net.
9:00 of 2nd period - Slapshot by Dominik Simon.
9:00 of 2nd period - Goal by Dominik Simon - Rampage : 3 - Heat : 1.
9:01 of 2nd period - Chris Brown wins face-off versus Ryan Lomberg in neutral zone.
9:14 of 2nd period - Trevor Carrick is hit by Wiley Sherman and loses puck.
9:40 of 2nd period - Slapshot by Trevor Carrick.
9:40 of 2nd period - Stopped by Jake Oettinger with a rebound.
10:11 of 2nd period - Emil Bemstrom is hit by Dominik Masin and loses puck.
11:51 of 2nd period - Frank Corrado is hit by Collin Miller and loses puck.
12:49 of 2nd period - Travis Sanheim is hit by Nico Sturm and loses puck.
14:10 of 2nd period - Travis Sanheim is hit by Frank Corrado.
14:49 of 2nd period - Connor Murphy is hit by Ryan Spooner.
15:38 of 2nd period - Wiley Sherman is hit by Matthew Nieto and loses puck.
15:57 of 2nd period - Connor Murphy is hit by Barclay Goodrow and loses puck.
16:38 of 2nd period - Vladislav Gavrikov is hit by John Gilmour and loses puck.
17:25 of 2nd period - Mathieu Brodeur is hit by Vladislav Gavrikov and loses puck.
18:01 of 2nd period - Dominik Simon is hit by Philip Varone and loses puck.
18:22 of 2nd period - Frank Corrado is hit by Dylan Sikura.
18:37 of 2nd period - Matthew Nieto is hit by Jean-Sebastien Dea.
18:52 of 2nd period - Jean-Sebastien Dea is hit by John Gilmour and loses puck.
19:14 of 2nd period - Trevor Carrick is hit by Travis Sanheim and loses puck.
19:52 of 2nd period - Matthew Nieto is hit by Rourke Chartier.
19:53 of 2nd period - Icing by Matthew Nieto.
19:54 of 2nd period - Chris Brown wins face-off versus T.J. Tynan in Heat zone.
Goals for this period are 3 for Rampage vs 0 for Heat.
Shots for this period are 11 for Rampage vs 3 for Heat.
3rd period
0:01 of 3rd period - Chris Brown wins face-off versus Rourke Chartier in neutral zone.
0:07 of 3rd period - Icing by Jordan Kyrou.
0:08 of 3rd period - Rourke Chartier wins face-off versus Chris Brown in Rampage zone.
0:13 of 3rd period - Snap shot by Ethan Bear.
0:13 of 3rd period - Stopped by Michael Hutchinson without a rebound.
0:14 of 3rd period - Dominik Simon wins face-off versus Chris Brown in Heat zone.
0:17 of 3rd period - Wrist shot by Jordan Kyrou.
0:17 of 3rd period - Stopped by Michael Hutchinson without a rebound.
0:18 of 3rd period - Rourke Chartier wins face-off versus Chris Brown in Heat zone.
0:25 of 3rd period - Snap shot by Rourke Chartier.
0:25 of 3rd period - Stopped by Michael Hutchinson without a rebound.
0:26 of 3rd period - Rourke Chartier wins face-off versus Chris Brown in Heat zone.
0:47 of 3rd period - Minor Penalty to Matthew Nieto for Holding.
0:48 of 3rd period - Rourke Chartier wins face-off versus Philip Varone in Heat zone.
2:45 of 3rd period - Pierre Engvall is hit by Mathieu Brodeur and loses puck.
2:47 of 3rd period - Penalty to Matthew Nieto is over, Matthew Nieto is back on ice.
2:54 of 3rd period - Wiley Sherman is hit by Matthew Nieto and loses puck.
2:59 of 3rd period - Wrist shot by Matthew Nieto.
2:59 of 3rd period - Shot Blocked by Emil Bemstrom.
3:16 of 3rd period - Emil Bemstrom is hit by Nico Sturm and loses puck.
3:40 of 3rd period - Snap shot by Emil Bemstrom.
3:40 of 3rd period - Shot Misses the Net.
3:44 of 3rd period - Snap shot by Anthony Richard.
3:44 of 3rd period - Shot Misses the Net.
3:46 of 3rd period - Snap shot by Collin Miller.
3:46 of 3rd period - Stopped by Michael Hutchinson with a rebound.
3:48 of 3rd period - Wrist shot by Ethan Bear.
3:48 of 3rd period - Stopped by Michael Hutchinson without a rebound.
3:49 of 3rd period - Rourke Chartier wins face-off versus Ryan Spooner in Heat zone.
4:14 of 3rd period - Frank Corrado is hit by Joachim Blichfeld and loses puck.
4:21 of 3rd period - Wrist shot by T.J. Tynan.
4:21 of 3rd period - Stopped by Michael Hutchinson without a rebound.
4:22 of 3rd period - T.J. Tynan wins face-off versus Chris Brown in Heat zone.
4:27 of 3rd period - Snap shot by Joachim Blichfeld.
4:27 of 3rd period - Shot Misses the Net.
4:52 of 3rd period - Brandon Hickey is hit by Vladislav Gavrikov and loses puck.
5:33 of 3rd period - Snap shot by Barclay Goodrow.
5:33 of 3rd period - Shot Blocked by Travis Sanheim.
5:50 of 3rd period - Wrist shot by T.J. Tynan.
5:50 of 3rd period - Shot Misses the Net.
6:07 of 3rd period - Backhand shot by Vladislav Gavrikov.
6:07 of 3rd period - Deflect By Eric Karlsson.
6:07 of 3rd period - Stopped by Michael Hutchinson with a rebound.
6:31 of 3rd period - Snap shot by Philip Varone.
6:31 of 3rd period - Shot Blocked by Vladislav Gavrikov.
6:33 of 3rd period - Snap shot by Ryan Donato.
6:33 of 3rd period - Stopped by Jake Oettinger with a rebound.
6:50 of 3rd period - Snap shot by Emil Bemstrom.
6:50 of 3rd period - Stopped by Michael Hutchinson with a rebound.
6:52 of 3rd period - Snap shot by Wiley Sherman.
6:52 of 3rd period - Shot Blocked by Dominik Masin.
6:54 of 3rd period - Wrist shot by Vladislav Gavrikov.
6:54 of 3rd period - Shot Misses the Net.
7:00 of 3rd period - Slapshot by Wiley Sherman.
7:00 of 3rd period - Stopped by Michael Hutchinson without a rebound.
7:01 of 3rd period - Nico Sturm wins face-off versus Joachim Blichfeld in Heat zone.
7:28 of 3rd period - Icing by Barclay Goodrow.
7:29 of 3rd period - Philip Varone wins face-off versus Rourke Chartier in Heat zone.
7:37 of 3rd period - Brandon Hickey is hit by Collin Miller and loses puck.
7:43 of 3rd period - Minor Penalty to Rourke Chartier for Holding.
7:44 of 3rd period - T.J. Tynan wins face-off versus Evgeny Svechnikov in Rampage zone.
8:15 of 3rd period - Snap shot by Barclay Goodrow.
8:15 of 3rd period - Deflect By Philip Varone.
8:15 of 3rd period - Shot Hit the Post.
8:15 of 3rd period - Puck is out of play.
8:16 of 3rd period - T.J. Tynan wins face-off versus Chris Brown in Rampage zone.
8:25 of 3rd period - Slapshot by Mathieu Brodeur.
8:25 of 3rd period - Stopped by Jake Oettinger without a rebound.
8:26 of 3rd period - T.J. Tynan wins face-off versus Matthew Nieto in Rampage zone.
8:43 of 3rd period - Wrist shot by Philip Varone.
8:43 of 3rd period - Deflect By T.J. Tynan.
8:43 of 3rd period - Shot Misses the Net.
8:43 of 3rd period - Puck is out of play.
8:44 of 3rd period - Eric Karlsson wins face-off versus T.J. Tynan in Rampage zone.
8:45 of 3rd period - Wrist shot by Philip Varone.
8:45 of 3rd period - Goal by Philip Varone - Rampage : 3 - Heat : 2.
8:46 of 3rd period - T.J. Tynan wins face-off versus Chris Brown in neutral zone.
9:23 of 3rd period - Slapshot by Philip Varone.
9:23 of 3rd period - Stopped by Jake Oettinger with a rebound.
9:53 of 3rd period - Minor Penalty to Travis Sanheim for Holding.
9:54 of 3rd period - Chris Brown wins face-off versus T.J. Tynan in Rampage zone.
9:55 of 3rd period - Wrist shot by Matthew Nieto.
9:55 of 3rd period - Stopped by Jake Oettinger with a rebound.
9:57 of 3rd period - Snap shot by Matthew Nieto.
9:57 of 3rd period - Deflect By Collin Miller.
9:57 of 3rd period - Goal by Matthew Nieto - Rampage : 3 - Heat : 3.
9:58 of 3rd period - Rourke Chartier wins face-off versus Chris Brown in neutral zone.
10:27 of 3rd period - Wrist shot by T.J. Tynan.
10:27 of 3rd period - Deflect By Joachim Blichfeld.
10:27 of 3rd period - Stopped by Michael Hutchinson with a rebound.
10:29 of 3rd period - Minor Penalty to Philip Varone for Tripping.
10:30 of 3rd period - Barclay Goodrow wins face-off versus Jordan Kyrou in Heat zone.
12:29 of 3rd period - Penalty to Philip Varone is over, Philip Varone is back on ice.
12:43 of 3rd period - Snap shot by Dylan Sikura.
12:43 of 3rd period - Shot Blocked by Dominik Masin.
12:45 of 3rd period - Wrist shot by Dylan Sikura.
12:45 of 3rd period - Shot Misses the Net.
12:57 of 3rd period - Snap shot by Matthew Nieto.
12:57 of 3rd period - Shot Blocked by Vladislav Gavrikov.
12:59 of 3rd period - Slapshot by Trevor Carrick.
12:59 of 3rd period - Shot Misses the Net.
13:11 of 3rd period - Snap shot by Peter Cehlarik.
13:11 of 3rd period - Shot Blocked by Wiley Sherman.
14:23 of 3rd period - Vladislav Gavrikov is hit by John Gilmour and loses puck.
14:34 of 3rd period - Dylan Sikura is hit by Mathieu Brodeur.
14:55 of 3rd period - Snap shot by Matthew Nieto.
14:55 of 3rd period - Stopped by Jake Oettinger with a rebound.
14:59 of 3rd period - Wrist shot by Matthew Nieto.
14:59 of 3rd period - Shot Misses the Net.
15:15 of 3rd period - Wrist shot by Ryan Lomberg.
15:15 of 3rd period - Shot Misses the Net.
15:17 of 3rd period - Wrist shot by Ryan Lomberg.
15:17 of 3rd period - Stopped by Michael Hutchinson without a rebound.
15:18 of 3rd period - Philip Varone wins face-off versus T.J. Tynan in Heat zone.
15:59 of 3rd period - Dominik Simon is hit by Eric Karlsson and loses puck.
16:24 of 3rd period - Backhand shot by Emil Bemstrom.
16:24 of 3rd period - Shot Misses the Net.
17:00 of 3rd period - Wrist shot by Peter Cehlarik.
17:00 of 3rd period - Goal by Peter Cehlarik - Rampage : 3 - Heat : 4.
17:01 of 3rd period - Anthony Richard wins face-off versus Ryan Spooner in neutral zone.
17:12 of 3rd period - Snap shot by Anthony Richard.
17:12 of 3rd period - Shot Misses the Net.
17:28 of 3rd period - Rourke Chartier is hit by Matthew Nieto.
17:48 of 3rd period - Slapshot by Erik Brannstrom.
17:48 of 3rd period - Stopped by Jake Oettinger with a rebound.
17:50 of 3rd period - Slapshot by Mathieu Brodeur.
17:50 of 3rd period - Stopped by Jake Oettinger with a rebound.
17:54 of 3rd period - Slapshot by Philip Varone.
17:54 of 3rd period - Stopped by Jake Oettinger with a rebound.
17:56 of 3rd period - Slapshot by Mathieu Brodeur.
17:56 of 3rd period - Stopped by Jake Oettinger with a rebound.
17:58 of 3rd period - Slapshot by Mathieu Brodeur.
17:58 of 3rd period - Shot Blocked by Ethan Bear.
18:19 of 3rd period - Snap shot by Dylan Sikura.
18:19 of 3rd period - Stopped by Michael Hutchinson with a rebound.
18:21 of 3rd period - Minor Penalty to Nico Sturm for Hooking.
18:22 of 3rd period - Rourke Chartier wins face-off versus Philip Varone in Heat zone.
18:23 of 3rd period - Wrist shot by Jordan Kyrou.
18:23 of 3rd period - Stopped by Michael Hutchinson with a rebound.
18:29 of 3rd period - Snap shot by Jordan Kyrou.
18:29 of 3rd period - Shot Misses the Net.
18:31 of 3rd period - Snap shot by Vladislav Gavrikov.
18:31 of 3rd period - Stopped by Michael Hutchinson without a rebound.
18:32 of 3rd period - Philip Varone wins face-off versus Rourke Chartier in Heat zone.
18:45 of 3rd period - Rampage, Jake Oettinger is pulled from the net.
19:07 of 3rd period - Wrist shot by Rourke Chartier.
19:07 of 3rd period - Deflect By Jordan Kyrou.
19:07 of 3rd period - Goal by Jordan Kyrou - Rampage : 4 - Heat : 4.
19:07 of 3rd period - Jake Oettinger from Rampage was sent back in the game.
19:08 of 3rd period - Ryan Spooner wins face-off versus Anthony Richard in neutral zone.
19:08 of 3rd period - Trevor Carrick is hit by Dylan Sikura.
19:31 of 3rd period - Icing by Ryan Spooner.
19:32 of 3rd period - T.J. Tynan wins face-off versus Ryan Spooner in Heat zone.
19:58 of 3rd period - Wiley Sherman is hit by Ryan Donato and loses puck.
Goals for this period are 1 for Rampage vs 3 for Heat.
Shots for this period are 15 for Rampage vs 12 for Heat.
Overtime #1
0:01 of 1st overtime period - T.J. Tynan wins face-off versus Chris Brown in neutral zone.
0:37 of 1st overtime period - Icing by T.J. Tynan.
0:38 of 1st overtime period - T.J. Tynan wins face-off versus Chris Brown in Rampage zone.
1:06 of 1st overtime period - Snap shot by Dominik Simon.
1:06 of 1st overtime period - Shot Misses the Net.
1:36 of 1st overtime period - Frank Corrado is hit by Wiley Sherman and loses puck.
2:34 of 1st overtime period - Icing by Anthony Richard.
2:35 of 1st overtime period - Anthony Richard wins face-off versus Philip Varone in Rampage zone.
3:26 of 1st overtime period - Ryan Spooner is hit by Vladislav Gavrikov and loses puck.
3:35 of 1st overtime period - Vladislav Gavrikov is hit by Frank Corrado and loses puck.
3:56 of 1st overtime period - Slapshot by Erik Brannstrom.
3:56 of 1st overtime period - Goal by Erik Brannstrom - Rampage : 4 - Heat : 5.
Goals for this period are 0 for Rampage vs 1 for Heat.
Shots for this period are 0 for Rampage vs 1 for Heat.